Map: Dusk Towers

Players

FinnsoN - Winner!

  • Race: Terran Terran
  • League: Master

Lucifer

  • Race: Zerg Zerg
  • League: Master

VOD

Have the link to the VOD?

Description

Time

  • Played on: July 10, 2016, 2:37 p.m.
  • Length: 11:16
Show
View Real Time Build Order
Export as new Build Order

FinnsoN Terran - Winner!

Build Orders:  

Get SALT Encoding   

  12  0:00  SCV  
  13  0:12  SCV  
  14  0:24  SCV  
  14  0:26  Supply Depot  
  15  0:48  SCV  
  15  0:49  Barracks  
  16  0:54  Refinery  
  16  1:00  SCV  
  17  1:12  SCV  
  19  1:25  SCV  
  19  1:38  Orbital Command, Barracks Reactor  
  19  1:45  Command Center  
  19  1:55  Supply Depot  
  19  2:03  SCV  
  20  2:14  Marine x2  
  22  2:16  SCV  
  22  2:18  Factory  
  23  2:23  Refinery  
  23  2:28  SCV  
  24  2:32  Marine x2  
  26  2:40  SCV  
  27  2:50  Marine x2  
  29  2:52  SCV  
  30  3:02  Starport, Factory Reactor  
  30  3:04  SCV  
  31  3:09  Marine x2  
  31  3:11  Orbital Command  
  33  3:16  SCV  
  34  3:27  Marine x2  
  34  3:28  SCV  
  34  3:30  Supply Depot  
  37  3:39  SCV  
  37  3:40  SCV  
  39  3:45  Marine x2  
  39  3:47  Medivac x2  
  45  3:51  SCV  
  45  3:52  Supply Depot  
  45  3:53  Widow Mine  
  48  3:56  SCV  
  49  4:03  Marine x2  
  49  4:05  SCV  
  49  4:08  SCV  
  53  4:16  Liberator  
  53  4:17  SCV  
  53  4:20  SCV, Marine  
  53  4:21  Marine, Command Center  
  57  4:30  Factory Tech Lab  
  61  4:32  Viking  
  62  4:38  Supply Depot  
  62  4:43  Supply Depot  
  62  4:45  Marine, SCV x2  
  65  4:51  Marine  
  65  4:57  SCV x2, Siege Tank  
  70  5:03  Marine  
  71  5:09  Marine, SCV x2  
  74  5:21  Marine  
  72  5:22  SCV x2  
  70  5:29  Marine  
  70  5:31  Siege Tank  
  70  5:34  SCV x2  
  74  5:38  Marine  
  73  5:46  SCV x2  
  73  5:47  Reaper  
  73  5:49  Engineering Bay  
  76  5:51  Refinery, Engineering Bay, Barracks  
  76  5:52  Orbital Command, Refinery, Barracks  
  76  5:58  SCV  
  76  6:01  Marine  
  76  6:02  SCV  
  79  6:10  SCV  
  80  6:14  SCV  
  80  6:18  SCV  
  82  6:19  Marine  
  82  6:23  Terran Infantry Weapons Level 1  
  82  6:24  Terran Infantry Armor Level 1, Marine  
  82  6:25  Medivac  
  86  6:28  SCV  
  86  6:32  Supply Depot  
  87  6:34  Barracks  
  87  6:35  Supply Depot, SCV x2, Barracks  
  87  6:37  Marine  
  87  6:39  Medivac  
  92  6:40  SCV  
  92  6:41  Marine  
  92  6:46  Barracks Tech Lab  
  92  6:47  SCV x2, Barracks Tech Lab  
  94  6:52  SCV  
  97  6:56  Supply Depot  
  97  6:58  Supply Depot  
  97  6:59  SCV  
  98  7:02  Refinery  
  98  7:03  Refinery, Barracks  
  98  7:04  Factory  
  98  7:05  Marine x2  
  98  7:06  Barracks  
  98  7:07  Marine  
  98  7:08  Stimpack, Combat Shields  
  101  7:12  Medivac  
  103  7:19  Marine  
  103  7:20  SCV  
  105  7:23  Marine  
  105  7:29  Marine  
  108  7:30  SCV  
  108  7:32  Barracks Reactor  
  108  7:33  Barracks Reactor  
  108  7:34  SCV  
  106  7:37  SCV, Armory  
  106  7:42  SCV  
  106  7:43  Supply Depot, Marine  
  106  7:44  Marine  
  110  7:45  Marine  
  110  7:46  Supply Depot, Marine, Medivac  
  110  7:51  SCV  
  115  7:53  Medivac  
  115  7:54  Factory Tech Lab  
  115  7:57  Barracks Reactor  
  115  7:58  Barracks Reactor  
  117  8:01  Marine x2  
  117  8:05  Command Center  
  119  8:06  SCV  
  119  8:07  Marine x2  
  119  8:12  Marine x4  
  125  8:17  Medivac  
  125  8:19  Marine, SCV  
  130  8:20  Supply Depot  
  130  8:21  Marine  
  130  8:22  Supply Depot  
  130  8:25  Marine  
  130  8:26  Marine  
  133  8:29  Marine  
  133  8:31  Medivac  
  133  8:32  Siege Tank  
  133  8:33  Concussive Shells  
  139  8:37  Terran Infantry Weapons Level 2, SCV  
  140  8:41  Supply Depot  
  140  8:42  Supply Depot  
  140  8:44  Supply Depot  
  140  8:45  Supply Depot, Marine x2  
  140  8:47  Medivac, Terran Infantry Armor Level 2  
  144  8:51  Marine  
  144  8:52  Marine x2  
  133  8:56  Marine x3  
  133  9:01  Medivac  
  133  9:02  Marine x2  
  120  9:04  Marine x2  
  120  9:05  Marine  
  116  9:10  Marine x2  
  116  9:12  SCV, Marine  
  116  9:13  Marine  
  116  9:14  Marine x3  
  124  9:19  Marine  
  124  9:21  Siege Tank  
  128  9:24  Siege Tank  
  131  9:32  SCV  
  131  9:36  Planetary Fortress  
  131  9:37  Marine x2  
  131  9:38  Marine x2  
  134  9:39  Marine x2  
  134  9:40  SCV x2  
  134  9:43  Marine x2  
  134  9:44  SCV  
  143  9:45  Marine  
  143  9:46  Marine  
  143  9:49  Marine x2  
  143  9:52  SCV, Medivac  
  150  9:53  Medivac  
  150  9:55  SCV, Marine  
  150  9:59  Marine x2  
  156  10:05  Marine  
  157  10:07  Marauder  
  157  10:19  Siege Tank  
  157  10:20  Marine x2  
  161  10:22  Medivac  
  161  10:24  Medivac  
  165  10:29  Marine, Marauder  
  165  10:30  Marauder  
  165  10:31  SCV x2, Starport  
  165  10:32  Refinery x2  
  165  10:33  Barracks  
  165  10:35  Barracks  
  172  10:41  Siege Tank  
  172  10:42  Marine  
  175  10:51  Marauder  
  175  10:52  Marine  
  175  10:53  Marauder  
  175  10:56  Marine  
Show
View Real Time Build Order
Export as new Build Order

Lucifer Zerg 

Build Orders: Hatch First 

Get SALT Encoding   

  12  0:00  Drone  
  13  0:16  Overlord  
  13  0:23  Drone  
  14  0:41  Drone x2  
  16  0:51  Hatchery  
  16  0:52  Drone  
  16  0:56  Drone  
  17  1:03  Drone  
  18  1:09  Extractor  
  17  1:18  Spawning Pool  
  17  1:22  Drone  
  17  1:24  Drone  
  18  1:35  Drone  
  19  1:46  Overlord  
  19  2:05  Queen  
  19  2:06  Zergling x4  
  19  2:07  Queen  
  25  2:08  Drone  
  25  2:13  Metabolic Boost  
  26  2:17  Drone  
  26  2:18  Drone  
  28  2:25  Drone  
  30  2:30  Drone  
  30  2:40  Overlord  
  30  2:41  Queen  
  32  2:45  Drone  
  32  2:46  Drone  
  32  2:49  Pneumatized Carapace  
  34  2:55  Drone  
  34  2:56  Drone  
  35  3:09  Drone x2  
  37  3:16  Overlord, Queen  
  39  3:20  Drone x4  
  43  3:35  Hatchery  
  43  3:39  Roach Warren  
  41  3:49  Drone x3  
  41  3:50  Overlord  
  44  4:22  Roach x3  
  50  4:24  Overlord  
  50  4:25  Overlord  
  54  4:45  Roach x2  
  54  4:47  Ravager  
  54  4:48  Ravager  
  54  4:51  Drone x6  
  54  4:52  Drone x2  
  64  4:54  Extractor x2, Queen  
  64  5:00  Ravager  
  65  5:08  Drone x8  
  73  5:21  Roach  
  74  5:27  Roach x4  
  73  5:35  Roach  
  71  5:43  Lair  
  71  5:45  Drone x3  
  71  5:46  Overlord x5  
  71  5:47  Overlord  
  74  6:00  Evolution Chamber  
  74  6:02  Evolution Chamber  
  72  6:04  Drone  
  72  6:05  Drone x2  
  72  6:06  Drone  
  72  6:08  Drone x2  
  78  6:12  Extractor  
  76  6:26  Hatchery  
  76  6:27  Zerg Missile Weapons Level 1  
  76  6:28  Roach x9  
  93  6:37  Drone x3  
  93  6:39  Extractor x2  
  94  6:43  Zerg Ground Armor Level 1  
  94  6:45  Drone x5  
  99  6:51  Glial Reconstitution  
  99  6:55  Drone x5  
  104  7:01  Drone  
  104  7:03  Ravager x2  
  104  7:07  Ravager  
  108  7:13  Drone  
  108  7:15  Overlord x7  
  109  7:26  Infestation Pit  
  108  7:41  Drone x4  
  108  7:42  Drone x4  
  108  7:43  Queen  
  108  7:44  Roach x10  
  124  7:46  Ravager  
  124  7:47  Ravager x3  
  142  7:55  Extractor  
  142  7:57  Extractor  
  140  8:04  Pathogen Glands  
  140  8:15  Hive  
  140  8:19  Roach x9  
  158  8:26  Zerg Missile Weapons Level 2  
  156  8:42  Zerg Ground Armor Level 2  
  142  8:58  Roach x15  
  142  8:59  Roach x3  
  154  9:02  Roach  
  154  9:03  Roach x2  
  137  9:18  Roach x9  
  137  9:24  Hatchery  
  154  9:28  Ravager x3  
  154  9:29  Ravager  
  154  9:31  Ravager  
  159  9:36  Overlord  
  159  9:37  Overlord x6  
  159  9:39  Overlord  
  159  9:51  Infestor x2  
  163  9:55  Infestor  
  165  10:01  Roach x2  
  165  10:02  Roach x6  
  181  10:09  Roach x4  
  189  10:19  Roach  
  189  10:20  Roach x4  
  199  10:34  Ultralisk Cavern  
Tags
 
Add a new tag
Caveats
  • Supply blocks, unpowered buildings, or Contaminate may cause inaccurate times.
  • Supply counts are checked every 10 seconds.